 Dungeon Crawl Stone Soup version 0.17-a0-2073-gde5cdba (webtiles) character file.

44 SlimeFever the Firebug (level 3, -7/24 HPs)
             Began as a Demonspawn Fire Elementalist on Oct 14, 2015.
             Mangled by a gnoll
             ... wielding a +0 spear
              (8 damage)
             ... on level 2 of the Dungeon.
             The game lasted 00:10:35 (1194 turns).

SlimeFever the Firebug (DsFE)                       Turns: 1194, Time: 00:10:35

Health: -7/24      AC:  3    Str:  8    XL:     3   Next: 41%
Magic:  0/6        EV: 11    Int: 17    God:
Gold:   124        SH:  0    Dex: 13    Spells: 2 memorised, 4 levels left

rFire  . . .     SeeInvis .     e - -3 dagger (curse)
rCold  . . .     Clarity  .     f - +0 leather armour
rNeg   . . .     SustAt   .     (no shield)
rPois  .         Gourm    .     (no helmet)
rElec  .         Spirit   .     (no cloak)
rCorr  .         Warding  .     (no gloves)
rMut   .         Stasis   .     (no boots)
MR     .....                    (no amulet)
Stlth  ++........               (no ring)
                                (no ring)

@: very slightly contaminated, not resistant to hostile enchantments, unstealthy
A: powered by death 1
a: no special abilities


You were on level 2 of the Dungeon.
You were not hungry.

You visited 1 branch of the dungeon, and saw 2 of its levels.

You collected 124 gold pieces.

Inventory:

Hand Weapons
 e - a cursed -3 dagger (weapon)
 g - a +1 dagger
Missiles
 j - 22 bolts
 o - 19 arrows of dispersal
Armour
 a - a +0 robe
 f - a +0 leather armour (worn)
Scrolls
 d - 2 scrolls of amnesia
 m - a scroll of enchant weapon
Potions
 h - a potion of resistance {unknown}
 i - a potion of degeneration {unknown}
 k - a potion of might {unknown}
 n - a potion of cancellation {unknown}
Books
 b - a book of Flames

   Spells                             Type                      Level
   a - Flame Tongue                   Conjuration/Fire             1
   b - Throw Flame                    Conjuration/Fire             2
   c - Conjure Flame                  Conjuration/Fire             3
   d - Inner Flame                    Hexes/Fire                   3
   e - Sticky Flame                   Conjuration/Fire             4
   f - Fireball                       Conjuration/Fire             5
Comestibles
 c - a bread ration


   Skills:
 + Level 0.1 Armour
 + Level 1.9 Dodging
 + Level 1.9 Stealth
 + Level 2.5 Spellcasting
 + Level 1.1 Conjurations
 * Level 3.5 Fire Magic


You had 4 spell levels left.
You knew the following spells:

 Your Spells              Type           Power        Failure   Level  Hunger
a - Flame Tongue          Conj/Fire      #....        14%         1    #......
b - Throw Flame           Conj/Fire      #.....       21%         2    ##.....


Dungeon Overview and Level Annotations

Branches:
Dungeon (2/15)

Altars:


Innate Abilities, Weirdness & Mutations

You regenerate a little health from kills.


Message History

* * * LOW HITPOINT WARNING * * *
You hit the gnoll but do no damage.
The gnoll is almost dead.
The gnoll closely misses you.
You closely miss the gnoll.
The gnoll is almost dead.
The gnoll closely misses you.
You hit the gnoll but do no damage.
The gnoll is almost dead.
The gnoll hits you with a spear.
* * * LOW HITPOINT WARNING * * *
Casting: Flame Tongue
Confirm with . or Enter, or press ? or * to list all spells.
Aiming: Flame Tongue
Press: ? - help, Shift-Dir - straight line, f/p - gnoll
Aim: a gnoll, wielding a spear (almost dead)
You miscast Flame Tongue.
You are very lightly contaminated with residual magic.
Nothing appears to happen.
The gnoll hits you with a spear!
You die...

#.#
..S####.#
........##
...#####.##
.......#.#
.######.##
#.# #.# #@#
#g# #g# #.#
## #.# ..
#.# #. #.#
#. #.#
#.##.#


You could see 2 gnolls.

Vanquished Creatures
  A gnoll (D:2)
  2 giant geckos (D:1)
  A giant cockroach (D:1)
  5 hobgoblins (D:1)
  A quokka (D:2)
  A ball python (D:1)
  4 bats
  3 giant newts (D:1)
  8 goblins
  2 kobolds (D:1)
  3 rats
31 creatures vanquished.

Notes
Turn   | Place    | Note
--------------------------------------------------------------
     0 | D:1      | SlimeFever the Demonspawn Fire Elementalist began the quest for the Orb.
     0 | D:1      | Reached XP level 1. HP: 13/13 MP: 3/3
     2 | D:1      | Noticed a ghoul
     2 | D:1      | Noticed an elf
     4 | D:1      | Noticed a spriggan
     4 | D:1      | Noticed a draconian
     6 | D:1      | Noticed a troll
     6 | D:1      | Noticed a felid
     8 | D:1      | Noticed a dwarf
     8 | D:1      | Noticed a formicid
    10 | D:1      | Noticed a merfolk
    12 | D:1      | Noticed an ogre
    14 | D:1      | Noticed a gargoyle
    16 | D:1      | Noticed a demonspawn
    16 | D:1      | Noticed a vampire
    18 | D:1      | Noticed a centaur
    18 | D:1      | Noticed a tengu
    20 | D:1      | Noticed a demigod
    20 | D:1      | Noticed a vine stalker
    24 | D:1      | Noticed a human
    24 | D:1      | Noticed a naga
    26 | D:1      | Noticed an octopode
    26 | D:1      | Noticed a minotaur
   348 | D:1      | Reached skill level 3 in Fire Magic
   482 | D:1      | Gained mutation: You regenerate a little health from kills. [demonic ancestry]
   482 | D:1      | Reached XP level 2. HP: 19/19 MP: 0/5
   521 | D:1      | Learned a level 2 spell: Throw Flame
  1003 | D:2      | Reached XP level 3. HP: 24/24 MP: 4/6
  1193 | D:2      | HP: 1/24 [gnoll/spear (4)]
  1194 | D:2      | Mangled by a gnoll

Vault maps used:
D:1:      kb_arrival_jail
D:2:      lemuel_coloured_pillars_altar, uniq_jessica, uniq_sigmund,
          uniq_terence, uniq_iyjb

Action                   || total
-------------------------++-------
Melee: Dagger            ||    61
 Cast: Flame Tongue      ||    51
  Use: Scroll            ||     5
  Eat: Beef jerky        ||     1
